 Dungeon Crawl Stone Soup version 0.26-b1-32-g5d43845318 (webtiles) character file.

Game seed: 13545480640465203499

546 Borgoz the Skirmisher (level 7, -1/60 HPs)
             Began as a Ghoul Fighter on Jan 13, 2021.
             Slain by an orc
             ... wielding a +0 morningstar
              (8 damage)
             ... on level 4 of the Dungeon.
             The game lasted 00:04:27 (3304 turns).

Borgoz the Skirmisher (Ghoul Fighter)               Turns: 3304, Time: 00:04:27

Health: -1/60      AC:  6    Str: 20    XL:     7   Next: 28%
Magic:  6/6        EV: 10    Int:  3    God:
Gold:   71         SH:  9    Dex: 10    Spells: 6/6 levels left

rFire    . . .     SeeInvis .   a - +1 long sword
rCold    + . .     Faith    .   c - +0 kite shield
rNeg     + + +     Spirit   .   r - +0 leather armour (curse)
rPois    ∞         Reflect  .   (no helmet)
rElec    .         Harm     .   j - +0 cloak
rCorr    .         Rampage  .   i - +1 pair of gloves
Will     .....                  (no boots)
Stlth    +.........             (no amulet)
HPRegen  0.00/turn              (no ring)
MPRegen  0.10/turn              (no ring)

@: no status effects
A: claws 1, cold resistance 1, negative energy resistance 3, inhibited
regeneration, torment resistance, unbreathing
a: no special abilities


You were on level 4 of the Dungeon.
You visited 1 branch of the dungeon, and saw 4 of its levels.

You collected 71 gold pieces.

Inventory:

Hand Weapons
 a - a +1 long sword (weapon)
Armour
 c - a +0 kite shield (worn)
 i - a +1 pair of gloves (worn)
 j - a +0 cloak (worn)
 o - a +0 ring mail
 r - a cursed +0 leather armour (worn)
Scrolls
 b - a scroll of random uselessness {unknown}
 e - 2 scrolls of enchant armour
Potions
 d - 3 potions of might
 f - a potion of invisibility
 g - 2 potions of cancellation
 h - 2 potions of magic
 l - a potion of berserk rage {unknown}
 n - a potion of heal wounds {unknown}
 q - 3 potions of brilliance {unknown}


   Skills:
 + Level 4.4 Fighting
 * Level 4.0 Long Blades
 + Level 3.8 Armour
 * Level 3.4 Dodging
 + Level 3.6 Shields


You had 6 spell levels left.
You didn't know any spells.
Your spell library was empty.

Dungeon Overview and Level Annotations

Branches:
Dungeon (4/15)
 Temple: D:4-7

Altars:
Kikubaaqudgha
Nemelex Xobeh
Xom


Innate Abilities, Weirdness & Mutations

You thrive by killing the living.
You are immune to poison.
You have sharp fingernails.
Your flesh is cold resistant. (rC+)
You are immune to negative energy. (rN+++)
You do not regenerate when monsters are visible.
You are immune to unholy pain and torment.
You can survive without breathing.


Message History

You closely miss the orc priest.
The orc priest is almost dead.
The orc priest calls down the wrath of Beogh upon you.
Beogh smites you! The orc barely misses you.
You riposte.
You slash the orc!
You kill the orc!
You feel better. You block the orc's attack.
The orc priest hits you with a +0 whip.
You are too injured to fight recklessly!
You barely miss the orc priest.
The orc priest is almost dead.
The orc wizard hits you but does no damage.
The orc priest barely misses you. You block the orc's attack.
You barely miss the orc priest.
The orc priest is almost dead.
The orc priest invokes the aid of Beogh against you.
Beogh smites you!
* * * LOW HITPOINT WARNING * * *
The orc wizard mumbles some strange words.
The orc wizard blinks!
The orc hits you with a +0 morningstar!
You die...

.###..# #. ......## #.
##.......
###.#######...#..# #
#.....#.....#....# #
###....?#.###...##.# #
#.........o.#...##.# #
#.#.<.o............# #
......)@§.#.#...#..### #
###.#.##o.#.##.##.†#.###
#. #..#.##.##.).#.#. #
.....##.##.†#....
.......#.##.....#.
#.#.##.............
#.#.##..........###
#.#.# .#####..### ....#


You could see an orc priest, an orc wizard and an orc.

Vanquished Creatures
  Grinder (D:3)
  The ghost of theswoord the Insei, a weakling DsTm (D:3)
  A jelly (D:4)
  A centaur skeleton (D:3)
  Terence (D:3)
  Jessica (D:3)
  3 worker ants
  6 adders
  A worm (D:3)
  2 dart slugs
  4 leopard geckos
  2 orcs (D:4)
  A ball python (D:3)
  5 giant cockroaches
  6 goblins
  7 hobgoblins
  5 jackals
  2 quokkas (D:3)
  4 bats
  8 frilled lizards
  5 kobolds
  8 rats
75 creatures vanquished.

Notes
Turn   | Place    | Note
-------+----------+-------------------------------------------
     0 | D:1      | Borgoz the Ghoul Fighter began the quest for the Orb.
     0 | D:1      | Reached XP level 1. HP: 19/19 MP: 0/0
   172 | D:1      | Reached XP level 2. HP: 19/26 MP: 1/1
   739 | D:2      | Reached skill level 1 in Dodging
   739 | D:2      | Reached XP level 3. HP: 24/31 MP: 2/2
   837 | D:2      | HP: 1/31 [kobold (3)]
   838 | D:2      | Reached XP level 4. HP: 1/39 MP: 3/3
  1423 | D:2      | Found a sparkling altar of Nemelex Xobeh.
  1919 | D:3      | Noticed Grinder
  1921 | D:3      | Paralysed by Grinder for 4 turns
  1937 | D:3      | Killed Grinder
  1938 | D:3      | Reached XP level 5. HP: 9/46 MP: 4/4
  1938 | D:3      | Reached XP level 6. HP: 11/52 MP: 5/5
  2226 | D:3      | Noticed Jessica
  2233 | D:3      | Killed Jessica
  2310 | D:3      | Found an ancient bone altar of Kikubaaqudgha.
  2594 | D:3      | Noticed Terence
  2602 | D:3      | Killed Terence
  2671 | D:3      | Noticed theswoord's ghost (weakling DsTm)
  2672 | D:3      | Found a runed translucent door.
  2834 | D:3      | Found a shimmering altar of Xom.
  2971 | D:3      | Killed theswoord's ghost
  2972 | D:3      | Reached XP level 7. HP: 52/59 MP: 6/6
  3304 | D:4      | Slain by an orc

Illustrated notes

Levels and vault maps discovered:
D:1:      wander_arrival_fairy_ring, layout_basic, minmay_pentomino_o2
D:2:      layout_basic, nemelex_xobeh_ov_fountains_minmay
D:3:      layout_loops_ring, nicolae_overflow_hidden_temple,
          kiku_gazebo_pond_becter, gammafunk_ghost_grave,
          kennysheep_jessica_study, uniq_terence, uniq_grinder
D:4:      layout_loops_ring, old_standard_altar, bloody_trog, serial_shops,
          nicolae_shop_statue_plus, uniq_ijyb, uniq_pikel

Skill      XL: |  1  2  3  4  5  6  7 |
---------------+----------------------+-----
Long Blades    | 2 3 4 |  4.0
Dodging        | 1 2 3 |  3.4
Armour         | 3 |  3.8
Shields        | 3 |  3.6
Fighting       | 4 |  4.4

Action                   |  1- 3 |  4- 6 |  7- 9 || total
-------------------------+-------+-------+-------++-------
Melee: Long sword        |    72 |   162 |    46 ||   280
  Use: Scroll            |       |    14 |       ||    14
       Potion            |       |     1 |       ||     1
Armor: Scale mail        |    50 |    30 |       ||    80
       Ring mail         |       |    34 |       ||    34
       Leather armour    |       |    20 |    16 ||    36
Dodge: Dodged            |    33 |    75 |    22 ||   130
Block: Kite shield       |    49 |    81 |    21 ||   151
       Rpst.: Long sword |     9 |    17 |    10 ||    36
